 Dungeon Crawl Stone Soup version 0.23.2 (webtiles) character file.

Game seed: 1388524026139255265

2 Menchi the Gusty (level 1, 0/15 HPs)
             Began as a Ghoul Wanderer on Apr 7, 2019.
             Slain by a bat (1 damage)
             ... on level 1 of the Dungeon.
             The game lasted 00:00:40 (45 turns).

Menchi the Gusty (Ghoul Wanderer)                     Turns: 45, Time: 00:00:40

Health: 0/15       AC:  2    Str: 16    XL:     1   Next: 40%
Magic:  0/0        EV: 11    Int:  5    God:
Gold:   0          SH:  0    Dex:  9    Spells: 0/0 levels left

rFire    . . .     SeeInvis .   a - +0 club
rCold    + . .     Gourm    .   (no shield)
rNeg     + + +     Faith    .   d - +0 robe
rPois    ∞         Spirit   .   (no helmet)
rElec    .         Reflect  .   (no cloak)
rCorr    .         Harm     .   (no gloves)
MR       .....                  (no boots)
Stlth    +.........             (no amulet)
HPRegen  0.00/turn              (no ring)
MPRegen  0.07/turn              (no ring)

@: rotting
A: rotting body, claws 1, carnivore, cold resistance 1, negative energy
resistance 3, inhibited regeneration, torment resistance, unbreathing
a: no special abilities


You were on level 1 of the Dungeon.
You were not hungry.

You visited 1 branch of the dungeon, and saw 1 of its levels.

Inventory:

Hand Weapons
 a - a +0 club (weapon)
Armour
 d - a +0 robe (worn)
Potions
 b - a potion of lignification {unknown}
Comestibles
 f - a ration


   Skills:
 * Level 0.3 Fighting
 - Level 1.0 Throwing
 + Level 0.4 Dodging
 - Level 1.1 Stealth
   Level 1.0 Conjurations
   Level 2.0 Necromancy
   Level 4.1 Air Magic


You couldn't memorise any spells.
You didn't know any spells.
Your spell library contained the following spells:

 Spells                   Type           Power        Failure   Level  Hunger
 Shock                    Conj/Air       #...         19%         1    ##.....
 Swiftness                Chrm/Air       #.......     34%         2    ###....
 Flame Tongue             Conj/Fire      #....        41%         1    ##.....
 Sting                    Conj/Pois      #...         41%         1    ##.....
 Static Discharge         Conj/Air       #.......     50%         3    ####...
 Airstrike                Air            #.........   69%         4    #####..
 Stone Arrow              Conj/Erth      #.....       78%         3    ####...
 Ignite Poison            Fire/Tmut/Pois #.......     85%         3    ####...
 Lightning Bolt           Conj/Air       #.........   99%         5    ######.


Dungeon Overview and Level Annotations

Branches:
Dungeon (1/15)

Altars:


Innate Abilities, Weirdness & Mutations

Your body is rotting away.
You thrive on raw meat.
You are immune to poison.
You have sharp fingernails.
You are carnivorous and can eat meat at any time.
Your flesh is cold resistant. (rC+)
You are immune to negative energy. (rN+++)
You do not regenerate when monsters are visible.
You are immune to unholy pain and torment.
You can survive without breathing.


Message History

The bat hits you but does no damage. The bat hits you but does no damage.
The bat hits you but does no damage. The bat hits you but does no damage.
You see here a scroll labeled YZXEUD CEDIFFE.
You are too injured to fight recklessly!
You are too injured to fight recklessly!
You are too injured to fight recklessly!
The bat hits you but does no damage. The dart slug completely misses you.
You hit the dart slug.
The dart slug is moderately wounded.
The bat closely misses you. The dart slug misses you.
You hit the dart slug.
The dart slug is heavily wounded.
The bat hits you but does no damage. The dart slug bites you.
* * * LOW HITPOINT WARNING * * *
You completely miss the dart slug.
The dart slug is heavily wounded.
The bat hits you.
You die...

#. .#.. #.
#.#. # #.
... .# #.
.. ..
#.##.##.#
#......
##.#.#
#.?b.###
##.@...#
#.w...#
#.....#
#.†...#
#.....#
##..$..#
#....#.#
####...####
#.........#


You could see a dart slug and a bat.

Vanquished Creatures
  A giant cockroach (D:1)
  A goblin (D:1)
2 creatures vanquished.

Notes
Turn   | Place    | Note
-------+----------+-------------------------------------------
     0 | D:1      | Menchi the Ghoul Wanderer began the quest for the Orb.
     0 | D:1      | Menchi set off with the following items: a +0 club, a +0
                  | robe, a ration; and the following spells available to
                  | memorise: Shock, Swiftness, Flame Tongue, Sting, Static
                  | Discharge, Airstrike, Stone Arrow, Ignite Poison, Lightning
                  | Bolt
     0 | D:1      | Reached XP level 1. HP: 14/14 MP: 0/0
     1 | D:1      | Noticed an electric eel
    45 | D:1      | Slain by a bat

Action                   || total
-------------------------++-------
Melee: Club              ||    12
Armor: Robe              ||    11
Dodge: Dodged            ||    16
